 Dungeon Crawl Stone Soup version 0.27-a0-1256-gced786f65e (webtiles) character file.

Game seed: 7022714687951200128

453 ZappyNine the Slasher (level 6, -3/57 HPs)
             Began as a Deep Dwarf Fighter on June 11, 2021.
             Was an Initiate of Kikubaaqudgha.
             Slain by an ogre
             ... wielding a +0 giant spiked club
              (19 damage)
             ... on level 5 of the Dungeon.
             The game lasted 00:05:04 (2836 turns).

ZappyNine the Slasher (Deep Dwarf Fighter)          Turns: 2836, Time: 00:05:04

Health: -3/57      AC:  9    Str: 22    XL:     6   Next: 75%
Magic:  5/5        EV:  8    Int:  8    God:    Kikubaaqudgha [......]
Gold:   170        SH:  9    Dex: 12    Spells: 5/5 levels left

rFire    . . .     SeeInvis +   a - +0 long sword
rCold    . . .     Faith    .   c - +0 kite shield
rNeg     . . .     Spirit   .   b - +0 scale mail
rPois    .         Reflect  .   (no helmet)
rElec    .         Harm     .   q - +0 cloak
rCorr    .         Rampage  .   g - +0 pair of gloves
Will     .....                  (no boots)
Stlth    ..........             (no amulet)
HPRegen  0.00/turn              k - ring of see invisible
MPRegen  0.09/turn              p - +4 ring of slaying

@: no status effects
A: damage resistance, heal wounds, sense surroundings 1, no regeneration
a: Heal Wounds, Renounce Religion


You were on level 5 of the Dungeon.
You worshipped Kikubaaqudgha.
Kikubaaqudgha was noncommittal.
You visited 1 branch of the dungeon, and saw 5 of its levels.

You collected 170 gold pieces.

Inventory:

Hand Weapons
 a - a +0 long sword (weapon)
Armour
 b - a +0 scale mail (worn)
 c - a +0 kite shield (worn)
 g - a +0 pair of gloves (worn)
 q - a +0 cloak (worn)
Jewellery
 k - a ring of see invisible (left hand)
 p - a +4 ring of slaying (right hand)
 r - a ring of magical power
Wands
 t - a wand of iceblast (10)
 v - a wand of charming (6)
Scrolls
 d - a scroll of vulnerability {unknown}
 e - 2 scrolls of teleportation {unknown}
 i - 3 scrolls of immolation {unknown}
 m - a scroll of fear {unknown}
 n - 2 scrolls of amnesia {unknown}
 u - a scroll of enchant weapon {unknown}
 w - a scroll of identify {unknown}
 x - a scroll of enchant armour {unknown}
 y - a scroll of fog {unknown}
Potions
 f - a potion of cancellation {unknown}
 h - a potion of lignification {unknown}
 j - a potion of haste {unknown}
 l - a potion of curing {unknown}
 o - a potion of attraction {unknown}
 s - a potion of brilliance {unknown}


   Skills:
 + Level 4.2 Fighting
 * Level 5.5 Long Blades
 - Level 3.2 Armour
 + Level 3.2 Dodging
 - Level 3.2 Shields


You had 5 spell levels left.
You didn't know any spells.
Your spell library contained the following spells:

 Spells                   Type           Power      Damage    Failure   Level
 Beastly Appendage        Tmut           0%         N/A       99%         1
 Magic Dart               Conj           0%         1d3       99%         1
 Searing Ray              Conj           0%         3d3       100%        2
 Wereblood                Tmut           0%         N/A       100%        2
 Dazzling Flash           Conj/Hex       0%         N/A       100%        3
 Spider Form              Tmut/Pois      0%         N/A       100%        3
 Fulminant Prism          Conj/Hex       0%         3d6       100%        4
 Ice Form                 Ice/Tmut       0%         N/A       100%        4
 Iskenderun's Mystic Bla  Conj/Tloc      0%         2d3       100%        4


Dungeon Overview and Level Annotations

Branches:
Dungeon (5/15)
 Temple: D:4-7

Altars:
Kikubaaqudgha
Trog
Uskayaw
Vehumet
Zin

Shops:
D:3 *

Annotations:
D:3 exclusion: statue


Innate Abilities, Weirdness & Mutations

You are resistant to damage.
You can heal yourself by infusing magical energy.
You passively map a small area around you.
You do not regenerate.


Message History

An ogre comes into view. It is wielding a +0 giant spiked club.
You block the howler monkey's attack.
You slash the howler monkey!
The howler monkey is severely wounded.
The howler monkey hoots and howls with incredible vigour!
You hear a shout!
You barely miss the howler monkey.
The howler monkey is severely wounded.
The howler monkey barely misses you.
You riposte.
You slash the howler monkey!
You kill the howler monkey!
Kikubaaqudgha accepts your kill.
You slash the ogre!
The ogre is moderately wounded.
The ogre hits you with a +0 giant spiked club!
You hit the ogre.
The ogre is moderately wounded.
The ogre hits you with a +0 giant spiked club!
You are too injured to fight recklessly!
You are too injured to fight recklessly!
You are too injured to fight recklessly!
You are too injured to fight recklessly!
You are too injured to fight recklessly!
You are too injured to fight recklessly!
You are too injured to fight recklessly!
You are too injured to fight recklessly!
You are too injured to fight recklessly!
You are too injured to fight recklessly!
You are too injured to fight recklessly!
You are too injured to fight recklessly!
You are too injured to fight recklessly!
Unknown command.
You barely miss the ogre.
The ogre is moderately wounded.
The ogre hits you with a +0 giant spiked club!
* * * LOW HITPOINT WARNING * * *
Your shield and scale mail prevent you from hitting the ogre.
The ogre is moderately wounded.
The ogre hits you with a +0 giant spiked club!!
You die...
Kikubaaqudgha rasps: "You have failed me!
Welcome... death!"

* *** #. , * #. * #.* ,
, ,,, #####. # * , , ,
#<)...#### .##.*,
*#.....=..##.... * ,
#.....†......... , ,
#......@O......#, * * *
#........#####.# ,
#.....?....#.... * * ,
#..........#.#.###
*####.##.#...(#)#.#####
* , #. #.#....#.#.....#
#. #.##...#.#.###.# ,..
#........#.###.# , ,,
.#######.......#.###


You could see an ogre.

Vanquished Creatures
  An ogre (D:4)
  A water moccasin zombie (D:5)
  A howler monkey (D:5)
  A hound (D:4)
  3 orc priests (D:4)
  2 orc wizards (D:4)
  4 adders
  An adder skeleton (D:4)
  3 dart slugs
  2 orcs (D:4)
  3 endoplasms
  5 giant cockroaches
  2 goblins
  5 hobgoblins
  4 jackals (D:1)
  7 kobolds
  3 quokkas
  8 ball pythons
  3 bats (D:1)
  3 frilled lizards
  4 rats
66 creatures vanquished.

Notes
Turn   | Place    | Note
-------+----------+-------------------------------------------
     0 | D:1      | ZappyNine the Deep Dwarf Fighter began the quest for the
                  | Orb.
     0 | D:1      | Reached XP level 1. HP: 20/20 MP: 1/1
   187 | D:1      | Reached XP level 2. HP: 24/27 MP: 2/2
   555 | D:1      | Reached skill level 3 in Long Blades
   794 | D:2      | Reached XP level 3. HP: 34/34 MP: 3/3
  1274 | D:3      | Found Vizuroum's General Store.
  1315 | D:3      | Reached skill level 1 in Dodging
  1375 | D:3      | Reached XP level 4. HP: 37/42 MP: 4/4
  1413 | D:3      | Found a radiant altar of Vehumet.
  1413 | D:3      | Noticed a charred statue
  1616 | D:4      | Reached skill level 4 in Long Blades
  1621 | D:4      | Reached XP level 5. HP: 49/49 MP: 4/4
  1635 | D:4      | Found a bloodstained altar of Trog.
  1737 | D:4      | Found a glowing silver altar of Zin.
  1738 | D:4      | Found a hide-covered altar of Uskayaw.
  2104 | D:4      | Reached XP level 6. HP: 57/57 MP: 5/5
  2438 | D:4      | Reached skill level 5 in Long Blades
  2455 | D:4      | Found an ancient bone altar of Kikubaaqudgha.
  2463 | D:4      | Became a worshipper of Kikubaaqudgha
  2660 | D:5      | Entered Level 5 of the Dungeon
  2836 | D:5      | Slain by an ogre

Illustrated notes

Levels and vault maps discovered:
D:1:      saegor_arrival_simple_d, layout_basic
D:2:      layout_rooms, serial_park_tiny_1
D:3:      layout_basic, vehumet_statue, serial_shops, shop_statue
D:4:      layout_loops_ring, lemuel_coloured_pillars_altar,
          chequers_temple_overflow_statue_of_worship
D:5:      layout_basic, ebering_ghost_disaster_area

Skill      XL: |  1  2  3  4  5  6 |
---------------+-------------------+-----
Fighting       | 3 4 |  4.2
Long Blades    | 3 4 5 |  5.5
Dodging        | 1 2 3 |  3.2
Armour         | |  3.2
Shields        | |  3.2

Action                   |  1- 3 |  4- 6 || total
-------------------------+-------+-------++-------
Melee: Long sword        |   105 |    70 ||   175
 Abil: Heal Wounds       |     1 |     4 ||     5
  Use: Potion            |       |     1 ||     1
Armor: Scale mail        |    42 |    31 ||    73
Dodge: Dodged            |    39 |    19 ||    58
Block: Kite shield       |    73 |    27 ||   100
       Rpst.: Long sword |     9 |     6 ||    15

Table legend: (Time is in decaauts)
 A = Elapsed time spent in this place.
 B = Non-inter-level travel time spent in this place.
 C = Inter-level travel time spent in this place.
 D = Time resting spent in this place.
 E = Time spent auto-exploring this place.
 F = Levels seen in this place.
 G = Mean time per level.
                   A        B        C        D        E       F      G
               +--------+--------+--------+--------+--------+-----+--------+
         Total |   2917 |   2681 |    236 |    302 |   1795 |   5 |  583.4 |
       Dungeon |   2917 |   2681 |    236 |    302 |   1795 |   5 |  583.4 |
               +--------+--------+--------+--------+--------+-----+--------+

Top non-repeatable levels by time:
     D:4: 1092 daAuts
     D:1: 719 daAuts
     D:3: 568 daAuts
     D:2: 422 daAuts
     D:5: 113 daAuts
